 Dungeon Crawl Stone Soup version 0.18-a0-1507-g69458e0 (webtiles) character file.

8548 Sargon the Grappler (level 11, 0/96 HPs)
             Began as a Troll Monk on Mar 5, 2016.
             Was a Believer of Yredelemnul.
             Slain by a thrashing horror (2 damage)
             ... on level 1 of the Abyss.
             The game lasted 00:36:31 (8292 turns).

Sargon the Grappler (Troll Monk)                    Turns: 8292, Time: 00:36:32

Health: 0/96       AC:  8    Str: 18    XL:     11   Next: 11%
Magic:  0/7        EV:  9    Int:  6    God:    Yredelemnul [**....]
Gold:   531        SH: 19    Dex: 14    Spells: 0 memorised, 10 levels left

rFire  . . .     SeeInvis .       - Unarmed
rCold  + . .     Gourm    +     D - +2 robe {rC+}
rNeg   . . .     Faith    .     w - +2 large shield
rPois  .         Spirit   +     (helmet restricted)
rElec  .         Dismiss  .     (no cloak)
rCorr  .         Reflect  .     (gloves unavailable)
SustAt +         Harm     .     (boots unavailable)
MR     .....                    J - amulet of guardian spirit
Stlth  ++........               (no ring)
                                s - ring of sustain attributes

@: non-regenerating, mildly diseased, not resistant to hostile enchantments,
unstealthy
A: unfitting armour, claws 3, blink, blurry vision 2, fast metabolism 3,
gourmand, low mp 2, regeneration 2, shaggy fur 2, tough skin 2, weak 2, subdued
magic 2, MP-powered wands
a: Blink, Animate Remains, Recall Undead Slaves, Injury Mirror, Renounce
Religion


You were on level 1 of the Abyss.
You worshipped Yredelemnul.
Yredelemnul was pleased with you.
You were not hungry.

You visited 2 branches of the dungeon, and saw 12 of its levels.
You visited the Abyss 1 time.

You collected 531 gold pieces.

Inventory:

Armour
 w - a +2 large shield (worn)
 D - a +2 robe of cold resistance (worn)
Jewellery
 s - a ring of sustain attributes (left claw)
 J - an amulet of guardian spirit (around neck)
Wands
 f - a wand of lightning (10/15)
 t - a wand of polymorph (17/24)
 C - a wand of confusion (48/48)
Scrolls
 a - 7 scrolls of identify
 e - 2 scrolls of immolation
 g - 3 scrolls of remove curse
 x - a scroll of enchant weapon {unknown}
 y - a scroll of amnesia {unknown}
 A - 3 scrolls of fear {unknown}
 F - a scroll of vulnerability {unknown}
 H - a scroll of noise {unknown}
 I - 5 scrolls of fog
Potions
 d - a potion of resistance
 i - 2 potions of lignification
 n - a potion of might
 p - 2 potions of flight
 u - a potion of berserk rage
 z - a potion of degeneration {unknown}
Comestibles
 b - 7 bread rations
 c - 5 fruits
 j - a meat ration
 k - 3 beef jerkies
 m - 2 slices of pizza


   Skills:
 - Level 2.8 Fighting
 - Level 2.5 Dodging
 - Level 1.2 Stealth
 + Level 10.6 Shields
 - Level 12.0 Unarmed Combat


You had 10 spell levels left.
You didn't know any spells.

Dungeon Overview and Level Annotations

Branches:
Dungeon (11/15)            Temple (1/1) D:7             Orc (0/2) D:10
   Lair: D:8-11

Altars:
Ashenzari
Cheibriados
Dithmenos
Elyvilon
Fedhas
Gozag
Kikubaaqudgha
Makhleb
Nemelex Xobeh
Okawaru
Pakellas
Qazlal
Ru
Sif Muna
Trog
Vehumet
Xom
Yredelemnul
Zin
The Shining One

Shops:
D:8 !

Annotations:
D:4 Sigmund
D:11 Sonja


Innate Abilities, Weirdness & Mutations

You are too large for most types of armour.
You have claws for hands.
Your metabolism is lightning-fast.
You like to eat raw meat.
You heal very quickly.
You are covered in thick fur (AC +2).
You have very tough skin (AC +2).
You can translocate small distances at will.
[Scrolls take you longer to read.]
[Your magical capacity is very low (-20% MP).]
[You are very weak. (Str -4)]
[Your spells are easier to cast, but less powerful.]
[You expend magic power (3 MP) to strengthen your wands.]


Message History

The thrashing horror tramples you.
* * * LOW HITPOINT WARNING * * *
You stumble backwards!
The chaos spawn gores you!
* * * LOW HITPOINT WARNING * * *
The thrashing horror barely misses you.
You block the thrashing horror's attack.
The thrashing horror closely misses you.
You block the thrashing horror's attack.
What do you say? t - Shout!
Orders for allies: a - Attack new target. r - Retreat! s - Stop attacking. w - Wait here. f - Follow me.
Anything else - Stay silent.
You shout for attention!
The thrashing horror roars!
You hear a screech!
The thrashing horror tramples you but does no damage.
You block the thrashing horror's attack. x2
The thrashing horror tramples you.
You die...
Your body rises from the dead as a mindless zombie.

...### ......
. .....#. #
#≈.... .#
#...##.#
###.......
#.#≈..# .#
..## #@≈..#
...
.....#X3..#...
. #.......#.#
..##.##5...#
#..#.#...#...
###..#...# #..
#.......##.#.
###.#..... ..
###...#..#


You could see a thrashing horror, a chaos spawn and a quasit.

Vanquished Creatures
  Erica (D:8)
  The ghost of Fabri the Martial Artist, a novice OpTm of Gozag (D:8)
  A thrashing horror (Abyss:1)
  An apocalypse crab (Abyss:1)
  A two-headed ogre (D:8)
  A wyvern (D:10)
  Eustachio (D:5)
  4 humans (D:10)
  2 hippogriffs
  Duvessa (D:6)
  5 orc warriors
  A sky beast (D:7)
  A black bear (D:8)
  11 ogres
  2 phantoms (D:9)
  3 centaurs
  A crocodile (D:9)
  7 big kobolds
  4 giant frogs
  2 water moccasin zombies
  A scorpion (D:5)
  Dowan (D:6)
  A small abomination (Abyss:1)
  5 crimson imps
  2 quasits
  3 hounds
  3 jellies
  3 gnoll shamans (D:8)
  10 orc priests
  A giant frog skeleton (D:5)
  A centaur skeleton (D:9)
  5 iguanas
  16 orc wizards
  4 worker ants
  A hound zombie (D:6)
  2 hound skeletons
  14 gnolls
  A howler monkey skeleton (D:5)
  2 worker ant zombies
  10 adders
  3 shadow imps
  A white imp (Abyss:1)
  2 dart slugs
  8 giant geckos
  38 orcs
  7 giant cockroaches
  9 goblins
  A hobgoblin (D:3)
  3 jackals (D:9)
  8 quokkas
  6 bats
  A giant cockroach zombie (D:5)
  6 giant newts
  A jackal skeleton (D:4)
  27 kobolds
  3 rats
  A fungus (D:8)
  3 plants (D:8)
265 creatures vanquished.

Vanquished Creatures (others)
  A human (D:7)
  5 fungi (D:8)
  8 plants (D:8)
14 creatures vanquished.

Grand Total: 279 creatures vanquished

Notes
Turn   | Place    | Note
--------------------------------------------------------------
     0 | D:1      | Sargon the Troll Monk began the quest for the Orb.
     0 | D:1      | Reached XP level 1. HP: 22/22 MP: 0/0
    60 | D:1      | Reached XP level 2. HP: 26/29 MP: 1/1
   180 | D:1      | Reached XP level 3. HP: 36/36 MP: 2/2
   921 | D:2      | Found an ancient bone altar of Kikubaaqudgha.
   933 | D:2      | Reached skill level 5 in Unarmed Combat
  1190 | D:3      | Reached XP level 4. HP: 44/44 MP: 3/3
  1755 | D:4      | Reached XP level 5. HP: 52/52 MP: 4/4
  1757 | D:4      | Reached skill level 6 in Unarmed Combat
  1886 | D:4      | Noticed a centaur
  1894 | D:4      | Killed a centaur
  2077 | D:4      | Reached skill level 7 in Unarmed Combat
  2077 | D:4      | Reached XP level 6. HP: 44/59 MP: 5/5
  2124 | D:4      | Noticed Sigmund
  2248 | D:5      | Entered Level 5 of the Dungeon
  2474 | D:5      | Noticed Eustachio
  2492 | D:5      | Killed Eustachio
  2492 | D:5      | Reached skill level 8 in Unarmed Combat
  2492 | D:5      | Reached XP level 7. HP: 62/66 MP: 6/6
  2829 | D:5      | Reached skill level 9 in Unarmed Combat
  3094 | D:6      | Noticed Dowan
  3098 | D:6      | Killed Dowan
  3107 | D:6      | Noticed Duvessa
  3118 | D:6      | Killed Duvessa
  3118 | D:6      | Reached skill level 10 in Unarmed Combat
  3118 | D:6      | Reached XP level 8. HP: 51/74 MP: 7/7
  3236 | D:6      | Found a sacrificial altar of Ru.
  4000 | D:7      | Found a staircase to the Ecumenical Temple.
  4011 | D:7      | Reached skill level 11 in Unarmed Combat
  4020 | Temple   | Entered the Ecumenical Temple
  4186 | D:7      | Found an ancient bone altar of Kikubaaqudgha.
  4323 | D:7      | Found a sacrificial altar of Ru.
  4544 | D:7      | Reached skill level 12 in Unarmed Combat
  4544 | D:7      | Reached XP level 9. HP: 59/80 MP: 8/8
  4617 | D:7      | Reached skill level 1 in Shields
  4877 | D:8      | Noticed Erica
  4885 | D:8      | Killed Erica
  4934 | D:8      | Noticed Fabri's ghost (novice OpTm)
  4949 | D:8      | Reached skill level 5 in Shields
  5064 | D:8      | Killed Fabri's ghost
  5064 | D:8      | Reached XP level 10. HP: 75/89 MP: 9/9
  5177 | D:8      | Found Naurun's Distillery.
  6725 | D:9      | Found a stormy altar of Qazlal.
  6743 | D:9      | Found a shadowy altar of Dithmenos.
  6744 | D:9      | Found a bloodstained altar of Trog.
  6744 | D:9      | Found a basalt altar of Yredelemnul.
  6746 | D:9      | Found a shattered altar of Ashenzari.
  6754 | D:9      | Became a worshipper of Yredelemnul the Dark
  6754 | D:9      | Reached * piety under Yredelemnul
  6754 | D:9      | Reached ** piety under Yredelemnul
  7008 | D:9      | Found an opulent altar of Gozag.
  7008 | D:9      | Found a white marble altar of Elyvilon.
  7290 | D:10     | Entered Level 10 of the Dungeon
  7346 | D:10     | Found a staircase to the Orcish Mines.
  7538 | D:10     | Noticed Sonja
  7553 | D:10     | Gained mutation: You are covered in thick fur (AC +2). [potion of mutation]
  7553 | D:10     | Gained mutation: You can translocate small distances at will. [potion of mutation]
  7560 | D:10     | Reached skill level 10 in Shields
  7587 | D:10     | Reached *** piety under Yredelemnul
  7902 | D:11     | Cast into level 1 of the Abyss (Sonja)
  7902 | Abyss:1  | Found a corrupted altar of Lugonu.
  7987 | Abyss:1  | Noticed an apocalypse crab
  8003 | Abyss:1  | Noticed a thrashing horror
  8012 | Abyss:1  | Killed an apocalypse crab
  8012 | Abyss:1  | Reached XP level 11. HP: 65/96 MP: 4/10
  8020 | Abyss:1  | Killed a thrashing horror
  8044 | Abyss:1  | Noticed a rakshasa
  8099 | Abyss:1  | Noticed a wretched star
  8138 | Abyss:1  | Noticed a starcursed mass
  8139 | Abyss:1  | Noticed a thrashing horror
  8170 | Abyss:1  | Noticed a giant orange brain
  8184 | Abyss:1  | Noticed a spatial maelstrom
  8246 | Abyss:1  | Noticed a large abomination
  8255 | Abyss:1  | Noticed a thrashing horror
  8287 | Abyss:1  | HP: 2/96 [chaos spawn (9)]
  8292 | Abyss:1  | Slain by a thrashing horror

Vault maps used:
D:1:      dpeg_arrival_chambers_temple_mockup, minmay_stone_trees_small,
          serial_park_tiny_2, serial_bayou_ford_a, serial_bayou_lagoon_a,
          serial_bayou_pond_e
D:2:      kiku_gazebo_pond_becter
D:4:      first_bread, uniq_sigmund
D:5:      uniq_eustachio
D:6:      kennysheep_mini_moat, uniq_duvessa
D:7:      minmay_temple_entry_overgrown, basic_altar, tgw_kikubaaqudgha
D:8:      kennysheep_seaside_town, serial_shops, shop, uniq_erica
D:9:      minitemple, amethyst_overflow_temple_binary
D:10:     david_orc_2, enter_bailey_8, minmay_ruffians, uniq_sonja
D:11:     due_lair_maze_entry_diamond, hangedman_ranch, uniq_urug, uniq_fannar
Temple:   triangle_lava_temple_11

Skill      XL: |  1  2  3  4  5  6  7  8  9 10 |
---------------+-------------------------------+-----
Unarmed Combat | 5 7 8 10 12 | 12.0
Shields        | 6 10 | 10.6
Fighting       | |  2.8
Dodging        | |  2.5
Stealth        | |  1.2

Action                   |  1- 3 |  4- 6 |  7- 9 | 10-12 || total
-------------------------+-------+-------+-------+-------++-------
Melee: Unarmed           |    99 |   107 |   252 |   383 ||   841
       Staff             |       |       |    15 |       ||    15
 Abil: Blink             |       |       |       |     1 ||     1
  Use: Potion            |       |       |       |    13 ||    13
       Scroll            |       |       |       |    10 ||    10
 Stab: Sleeping          |     2 |     3 |       |     1 ||     6
       Distracted        |       |       |     1 |       ||     1
  Eat: Chunk             |    14 |    13 |    12 |    32 ||    71
       Meat ration       |       |       |     1 |       ||     1
       Pizza             |       |       |     1 |       ||     1
